 Dungeon Crawl Stone Soup version 0.19.5 (webtiles) character file.

507 Jumperg the Shooter (level 6, -15/47 HPs)
             Began as a Centaur Arcane Marksman on May 18, 2017.
             Demolished by Prince Ribbit (18 damage)
             ... on level 5 of the Dungeon on May 19, 2017.
             The game lasted 01:14:44 (5959 turns).

Jumperg the Shooter (Centaur Arcane Marksman)       Turns: 5959, Time: 01:14:45

Health: -15/47     AC:  4    Str: 14    XL:     6   Next: 97%
Magic:  8/10       EV: 10    Int: 14    God:
Gold:   203        SH:  0    Dex:  8    Spells: 2 memorised, 8 levels left

rFire  + . .     SeeInvis .     a - +0 shortbow
rCold  . . .     Gourm    .     e - +0 robe
rNeg   . . .     Faith    .     (shield currently unavailable)
rPois  +         Spirit   .     (no helmet)
rElec  +         Reflect  .     (no cloak)
rCorr  .         Harm     .     (no gloves)
MR     .....                    (no barding)
Stlth  +.........               (no amulet)
                                (no ring)
                                H - ring of Poc Zupp {rElec rPois rF+ MR- Slay+3}

@: very quick
A: hooves 3, deformed body, speed 2, tough skin 3
a: no special abilities


You were on level 5 of the Dungeon.
You were not hungry.

You visited 1 branch of the dungeon, and saw 5 of its levels.

You collected 203 gold pieces.

Inventory:

Hand Weapons
 a - a +0 shortbow (weapon)
 l - a +3 dagger of electrocution
 p - a +0 hunting sling
 r - a +0 rapier
 A - a +0 blowgun
Missiles
 d - 17 arrows (quivered)
 g - 158 stones
 h - 37 bolts
 y - 19 poisoned needles
 F - 25 sling bullets
Armour
 e - a +0 robe (worn)
Jewellery
 v - an uncursed amulet of rage
 H - the ring of Poc Zupp (left hand) {rElec rPois rF+ MR- Slay+3}
   (You found it on level 4 of the Dungeon)

   [ring of poison resistance]

   It affects your accuracy and damage with ranged weapons and melee attacks
   (+3).
   It protects you from fire.
   It insulates you from electricity.
   It protects you from poison.
   It affects your resistance to hostile enchantments.
Scrolls
 b - a scroll of noise {unknown}
 i - 3 scrolls of amnesia
 k - a scroll of enchant armour {unknown}
 m - 2 scrolls of teleportation {unknown}
 o - 2 scrolls of recharging {unknown}
 s - a scroll of identify
 t - 2 scrolls of fear {unknown}
 x - 3 scrolls of enchant weapon
 C - a scroll of random uselessness {unknown}
 G - 3 scrolls of remove curse
Potions
 j - 2 potions of curing
 q - a potion of agility {unknown}
 w - a potion of heal wounds {unknown}
 z - a potion of magic {unknown}
 D - 2 potions of lignification
Books
 c - a book of Debilitation

   Spells                             Type                      Level
   a - Corona                         Hexes                        1
   b - Slow                           Hexes                        2
   c - Gell's Gravitas                Hexes/Translocation          3
   d - Inner Flame                    Hexes/Fire                   3
   e - Cause Fear                     Hexes                        4
   f - Leda's Liquefaction            Hexes/Earth                  4
Comestibles
 f - a bread ration
 n - 4 meat rations
 u - 2 slices of pizza
 E - 2 fruits


   Skills:
 - Level 1.0 Fighting
 * Level 5.8 Bows
 + Level 2.1 Throwing
 - Level 2.0 Dodging
 - Level 3.0 Spellcasting
 * Level 4.2 Hexes


You had 8 spell levels left.
You knew the following spells:

 Your Spells              Type           Power        Failure   Level  Hunger
a - Corona                Hex            ##.....      3%          1    #......
b - Slow                  Hex            ##......     6%          2    ##.....


Dungeon Overview and Level Annotations

Branches:
Dungeon (5/15)
 Temple: D:4-7

Altars:
Ashenzari
Makhleb
Uskayaw
Xom

Shops:
D:5 (

Annotations:
D:5 Grinder, Prince Ribbit


Innate Abilities, Weirdness & Mutations

You have hooves in place of feet.
Armour fits poorly on your strangely shaped body.
You cover ground very quickly.
You have extremely tough skin. (AC +3)


Message History

Prince Ribbit hits you!! The howler monkey misses you. Prince Ribbit hits you.
The howler monkey hits you.
There is a stone staircase leading up, spattered with blood here.
Press: ? - help, v - describe, . - travel
Here: Prince Ribbit The floor.
As you read the scroll labeled JYESTR ONUMM, it crumbles to dust.
It is a scroll of enchant weapon.
Your +2 dagger of electrocution glows red for a moment.
Prince Ribbit hits you. The howler monkey hits you.
* * * LOW HITPOINT WARNING * * *
Prince Ribbit hits you!
* * * LOW HITPOINT WARNING * * *
Cast which spell? (? or * to list)
Aiming: Slow
Press: ? - help, Shift-Dir - straight line, f - Prince Ribbit
Aim: Prince Ribbit (chance to defeat MR: 33%) Prince Ribbit easily resists.
The howler monkey closely misses you. Prince Ribbit hits you!!
You die...

....#..(#####
.##....n#
####... #...
#### .###(.. ...
...(...#..# ##
.....(..#.##....
.......h<.......
#......@F.......
#......./.>..#..
#.......###.....
#.......# .....
#.......# ....
######### ...
...


You could see Prince Ribbit, a necrophage and a howler monkey.

Vanquished Creatures
  An ice beast (D:4)
  An ogre (D:4)
  A crimson imp (D:4)
  2 iguanas (D:4)
  A worker ant (D:4)
  4 gnolls (D:3)
  2 adders
  A shadow imp (D:4)
  2 oozes (D:1)
  4 worms
  4 leopard geckos
  13 orcs
  15 giant cockroaches
  15 goblins
  12 hobgoblins
  10 jackals
  2 quokkas (D:3)
  A ball python (D:3)
  7 bats
  2 frilled lizards
  9 kobolds
  4 rats
113 creatures vanquished.

Notes
Turn   | Place    | Note
-------+----------+-------------------------------------------
     0 | D:1      | Jumperg the Centaur Arcane Marksman began the quest for the Orb.
     0 | D:1      | Reached XP level 1. HP: 16/16 MP: 2/2
   220 | D:1      | Reached XP level 2. HP: 20/23 MP: 3/3
   364 | D:1      | Reached skill level 3 in Bows
  1019 | D:1      | Reached XP level 3. HP: 23/28 MP: 3/5
  1577 | D:2      | Learned a level 2 spell: Slow
  2178 | D:2      | Reached XP level 4. HP: 25/35 MP: 6/6
  2640 | D:3      | Found a burning altar of Makhleb.
  3024 | D:3      | Noticed an ogre
  3152 | D:3      | Reached skill level 4 in Bows
  3213 | D:3      | Reached XP level 5. HP: 26/40 MP: 8/8
  4047 | D:3      | Found a hide-covered altar of Uskayaw.
  4193 | D:3      | Reached skill level 1 in Throwing
  4506 | D:4      | Reached XP level 6. HP: 47/47 MP: 10/10
  4535 | D:4      | Found a shattered altar of Ashenzari.
  4920 | D:4      | Found a shimmering altar of Xom.
  5131 | D:4      | Got a twitching turquoise ring
  5141 | D:4      | Identified the ring of Poc Zupp {rElec rPois rF+ MR- Slay+3} (You found it on level 4 of the Dungeon)
  5390 | D:5      | Entered Level 5 of the Dungeon
  5634 | D:5      | Found Radurr's Antique Weapon Boutique.
  5641 | D:5      | Noticed an ice beast
  5642 | D:5      | Noticed Grinder
  5672 | D:5      | Noticed Prince Ribbit
  5716 | D:4      | Reached skill level 5 in Bows
  5779 | D:4      | Killed an ice beast
  5959 | D:5      | Demolished by Prince Ribbit

Skill      XL: |  1  2  3  4  5  6 |
---------------+-------------------+-----
Bows           | 3 4 5 |  5.8
Dodging        | 2 |  2.0
Hexes          | 3 4 |  4.2
Spellcasting   | 2 3 |  3.0
Throwing       | 1 2 |  2.1
Fighting       | |  1.0

Action                   |  1- 3 |  4- 6 || total
-------------------------+-------+-------++-------
Melee: Unarmed           |    48 |       ||    48
       Kick              |    20 |    16 ||    36
       Dagger            |   113 |   139 ||   252
 Fire: Shortbow          |    56 |   160 ||   216
       Blowgun           |       |    11 ||    11
Throw: Stone             |    28 |    31 ||    59
 Cast: Corona            |     1 |     1 ||     2
       Slow              |       |     2 ||     2
  Use: Scroll            |       |     5 ||     5
  Eat: Chunk             |     3 |    10 ||    13
Armor: Robe              |    77 |    35 ||   112
Dodge: Dodged            |    99 |    60 ||   159
